 Dungeon Crawl Stone Soup version 0.30.0-3-ga4e48a9924 (webtiles) character file.

Game seed: 15976997364249314269

50 monsoonserge the Insei (level 4, -2/35 HPs)
             Began as a Meteoran Transmuter on May 7, 2023.
             Slain by a gnoll
             ... wielding a +0 club
              (3 damage)
             ... on level 2 of the Dungeon.
             The game lasted 00:07:04 (626 turns).

monsoonserge the Insei (Meteoran Transmuter)         Turns: 626, Time: 00:07:05

Health: -2/35      AC:  3    Str: 11    XL:     4   Next: 24%
Magic:  9/9        EV: 12    Int: 17    God:
Gold:   50         SH:  0    Dex: 14    Spells: 8/9 levels left

rFire   . .          .
                       - Unarmed
rCold   . . .        (no shield)
rNeg    . . .        f - +0 leather armour
rPois   .            (helmet currently unavailable)
rElec   .            (no cloak)
rCorr   .            (no gloves)
SInv    .            (boots currently unavailable)
Will    .....        (no amulet)
Stlth   +            (no ring)
HPRegen 0.25/turn    (no ring)
MPRegen 0.11/turn

%: no passive effects
@: brilliant, appendages (expiring), glowing
A: horns 2, talons 2, sense surroundings 1, otherworldly, glowing, explore regen
a: End Transformation


You were on level 2 of the Dungeon.
You had temporarily grown beastly horns and talons.
You visited 1 branch of the dungeon, and saw 2 of its levels.

You collected 50 gold pieces.

Inventory:

Hand Weapons
 j - a +0 sling
Missiles
 d - 2 stones (quivered)
 e - 2 boomerangs of dispersal
 i - 6 atropa-tipped darts
Armour
 a - a +0 robe
 f - a +0 leather armour (worn)
Scrolls
 h - a scroll of teleportation {unknown}
 k - a scroll of fog {unknown}
Potions
 b - a potion of lignification
 g - a potion of might {unknown}
 l - a potion of invisibility {unknown}


   Skills:
 + Level 1.1 Fighting
 + Level 0.1 Armour
 + Level 2.5 Dodging
 + Level 0.1 Stealth
 + Level 4.5 Unarmed Combat
 - Level 3.0 Spellcasting
 + Level 3.5 Transmutations


You had 8 spell levels left.
You knew the following spells:

 Your Spells              Type           Power      Damage    Failure   Level
a - Beastly Appendage     Tmut           44%        N/A       5%          1

Your spell library contained the following spells:

 Spells                   Type           Power      Damage    Failure   Level
 Wereblood                Tmut           22%        N/A       8%          2
 Slow                     Hex            12%        N/A       22%         1
 Spider Form              Tmut/Pois      12%        N/A       32%         3
 Confusing Touch          Hex            3%         N/A       56%         3
 Ozocubu's Armour         Ice            3%         N/A       56%         3
 Vampiric Draining        Necr           3%         2d6       56%         3
 Vhi's Electric Charge    Tloc/Air       6%         N/A       56%         3
 Ice Form                 Ice/Tmut       12%        N/A       73%         4
 Arcjolt                  Conj/Air       1%         1d11      99%         5
 Ozocubu's Refrigeration  Ice            1%         4d7       100%        7
 Maxwell's Capacitive Co  Air            1%         ∞         100%        8


Dungeon Overview and Level Annotations

Branches:
Dungeon (2/15) Zot: 578

Altars:


Innate Abilities, Weirdness & Mutations

You have temporarily grown beastly horns and talons.
You passively map a small area around you.
You are easily found by Zot.
You glow in the dark.
You regain HP and MP as you explore.


Message History

The adder zombie bites you. The gnoll barely misses you.
You barely miss the adder zombie. You claw the adder zombie.
You destroy the adder zombie!
The gnoll hits you with a +0 flail!
A gnoll comes into view. It is wielding a +0 club.
You have reached level 4!
Press: ? - help, v - describe, . - travel
Here: a gnoll, wielding a +0 club The floor.
Okay, then.
The gnoll shouts!
You punch the gnoll! You claw the gnoll, but do no damage.
Your headbutt misses the gnoll.
The gnoll is almost dead.
You barely miss the gnoll. Your kick misses the gnoll.
Your headbutt misses the gnoll.
The gnoll is almost dead.
The gnoll hits you with a +0 flail. The gnoll hits you with a +0 club.
* * * LOW HITPOINT WARNING * * *
Unknown command.
You hit the gnoll but do no damage. You claw the gnoll, but do no damage.
The gnoll is almost dead.
The gnoll hits you with a +0 flail.
* * * LOW HITPOINT WARNING * * *
The gnoll completely misses you.
Okay, then.
You barely miss the gnoll. You claw the gnoll.
You kill the gnoll!
The gnoll hits you with a +0 club.
* * * LOW HITPOINT WARNING * * *
Press: ? - help, v - describe, . - travel
Here: a gnoll, wielding a +0 club The floor.
You closely miss the gnoll. Your kick misses the gnoll.
The gnoll hits you with a +0 club.
* * * LOW HITPOINT WARNING * * *
It was a potion of brilliance.
You feel clever all of a sudden.
Your transformation is almost over.
The gnoll hits you with a +0 club.
You die...

#..#...#≈~#...*. ##
###.####
#...###~..~###....
.,*
#................# ,
#.#####.....## ..#*
, *
#.........#####..#
,, ,
########.####....#*,
* , , #...)#....#
,** ####..gg..# ,
##.@...# #..P...# ,
##...PP... ,
##...P..# .......* ,
#...... ** ##...# ,
, ...# ,


You could see 2 gnolls.

Vanquished Creatures
  A gnoll (D:2)
  An adder zombie (D:2)
  5 ball pythons
  4 bats (D:1)
  An endoplasm (D:1)
  A giant cockroach (D:1)
  2 goblins (D:1)
  4 hobgoblins
  2 quokkas (D:1)
  A ball python skeleton (D:2)
  3 frilled lizards (D:1)
  5 kobolds
  A quokka skeleton (D:2)
  5 rats
36 creatures vanquished.

Notes
Turn   | Place    | Note
-------+----------+-------------------------------------------
     0 | D:1      | monsoonserge the Meteoran Transmuter began the quest for
                  | the Orb.
     0 | D:1      | Reached XP level 1. HP: 16/16 MP: 5/5
    67 | D:1      | Reached XP level 2. HP: 22/23 MP: 4/6
   116 | D:1      | Reached skill level 4 in Unarmed Combat
   369 | D:1      | Reached XP level 3. HP: 28/28 MP: 6/8
   621 | D:2      | Reached XP level 4. HP: 17/35 MP: 9/9
   625 | D:2      | HP: 1/35 [gnoll/+0 club (5)]
   626 | D:2      | Slain by a gnoll

Illustrated notes

Levels and vault maps discovered:
D:1:      tarquinn_simple_flora_water_f, layout_loops_ring, minivault_24,
          serial_bayou_ford_a
D:2:      layout_basic, serial_undead, serial_undead_a, serial_undead_a,
          serial_undead_b, serial_undead_c, serial_shops,
          nicolae_shop_hallway_plus, minmay_misc_feat_five, fountainhead

Skill      XL: |  1  2  3 |
---------------+----------+-----
Spellcasting   | 3 |  3.0
Unarmed Combat | 4 |  4.5
Transmutations | 3 |  3.5
Fighting       | |  1.1
Armour         | |  0.1
Dodging        | |  2.5
Stealth        | |  0.1

Action                     |  1- 3 |  4- 6 || total
---------------------------+-------+-------++-------
  Melee: Unarmed           |    94 |     5 ||    99
         Kick              |    19 |     3 ||    22
         Headbutt          |    12 |       ||    12
         Punch             |     2 |       ||     2
  Throw: Stone             |     7 |       ||     7
   Cast: Beastly Appendage |    17 |       ||    17
    Use: Potion            |       |     1 ||     1
 Armour: Robe              |    12 |       ||    12
         Leather armour    |    17 |       ||    17
  Dodge: Dodged            |    51 |     1 ||    52
